Workbook

Sheet Home
E27: Antes de mais nada, | R27: 4blue Consultoria Empresarial Contatos: suporte@4blue.com.br www.4blue.com.br
E28: Acesse o tutorial aqui

Sheet Seu próximo nível!
D1: Transforme sua empresa em uma MÁQUINA DE LUCROS e multiplique seu salário!

Sheet Passo a passo

Sheet Objetivos e Metas
B2: Ano:
B3: 2025
A7: Objetivo 1: Aumentar as Vendas | B7: Aumentar faturamento da empresa em XYZ% | U7: INDICADOR 1,1
U8: Categoria | V8: Máximo | X8: Mostrador | Y8: Amplitude | AA8: Agulha | AE8: Meta: | AF8: =IF('Objetivos e Metas'!C10="","",'Objetivos e Metas'!C10) -> 62500
C9: Total até agora | D9: Jan | E9: Fev | F9: Mar | G9: Abr | H9: Mai | I9: Jun | J9: Jul | K9: Ago | L9: Set | M9: Out | N9: Nov | O9: Dez | P9: Total | U9: Ruim | V9: =Y10 -> 37500 | Y9: =SUM(Y10:Y13) -> 62500 | AA9: Base | AB9: Extremidade | AE9: Resultado: | AF9: =IF('Objetivos e Metas'!C11="","",'Objetivos e Metas'!C11) -> 39500
A10: Indicador 1.1: Faturamento Total | B10: Meta/Previsto | C10: =SUMIF($D$103:$O$103,"<="&TODAY(),D10:O10) -> 62500 | D10: 4500 | E10: 4500 | F10: 5000 | G10: 5000 | H10: 5500 | I10: 5500 | J10: 6000 | K10: 6000 | L10: 6500 | M10: 7000 | N10: 7000 | O10: 7500 | P10: =SUM(D10:O10) -> 70000 | U10: Regular | V10: =Y11 -> 12500 | X10: Ruim | Y10: ='Objetivos e Metas'!$AF$8*Z10 -> 37500 | Z10: 0.6 | AA10: 0 | AB10: =IF('Objetivos e Metas'!AF9>='Objetivos e Metas'!AF8,0.03,0) -> 0
B11: Realizado | C11: =SUMIF($D$103:$O$103,"<="&TODAY(),D11:O11) -> 39500 | D11: 5000 | E11: 5000 | F11: 5500 | G11: 9000 | H11: 5000 | I11: 10000 | P11: =SUM(D11:O11) -> 39500 | U11: Bom | V11: =Y12 -> 6250 | X11: Regular | Y11: ='Objetivos e Metas'!$AF$8*Z11 -> 12500 | Z11: 0.2 | AA11: =IF(Y9=0,"",IF('Objetivos e Metas'!AF9>'Objetivos e Metas'!AF8,-COS(PI()*ABS('Objetivos e Metas'!AF8/Y9)),-COS(PI()*ABS('Objetivos e Metas'!AF9/Y9)))) -> 0.40290644 | AB11: =IF(Y9=0,"",IF('Objetivos e Metas'!AF9>='Objetivos e Metas'!AF8,SIN(PI()*ABS('Objetivos e Metas'!AF8/Y9)),SIN(PI()*ABS('Objetivos e Metas'!AF9/Y9)))) -> 0.91524117
U12: Ótimo | V12: =Y13 -> 6250 | X12: Bom | Y12: ='Objetivos e Metas'!$AF$8*Z12 -> 6250 | Z12: 0.1
C13: Total até agora | D13: Jan | E13: Fev | F13: Mar | G13: Abr | H13: Mai | I13: Jun | J13: Jul | K13: Ago | L13: Set | M13: Out | N13: Nov | O13: Dez | P13: Total | X13: Ótimo | Y13: ='Objetivos e Metas'!$AF$8*Z13 -> 6250 | Z13: 0.1
A14: Indicador 1.2: Lucro Total | B14: Meta/Previsto | C14: =SUMIF($D$103:$O$103,"<="&TODAY(),D14:O14) -> 12700 | D14: 1000 | E14: 900 | F14: 1200 | G14: 1200 | H14: 1200 | I14: 1200 | J14: 1200 | K14: 1200 | L14: 1200 | M14: 1200 | N14: 1200 | O14: 1200 | P14: =SUM(D14:O14) -> 13900
B15: Realizado | C15: =SUMIF($D$103:$O$103,"<="&TODAY(),D15:O15) -> 3900 | D15: 700 | E15: 900 | F15: 1300 | G15: 1000 | P15: =SUM(D15:O15) -> 3900
U16: INDICADOR 1.2
F17: =A10 -> Indicador 1.1: Faturamento Total | L17: =A14 -> Indicador 1.2: Lucro Total | U17: Categoria | V17: Máximo | X17: Mostrador | Y17: Amplitude | AA17: Agulha | AE17: Meta: | AF17: =IF('Objetivos e Metas'!C14="","",'Objetivos e Metas'!C14) -> 12700
A18: * O velocímetro se baseia no valor "total até agora" | U18: Ruim | V18: =Y19 -> 7620 | Y18: =SUM(Y19:Y22) -> 12700 | AA18: Base | AB18: Extremidade | AE18: Resultado: | AF18: =IF('Objetivos e Metas'!C15="","",'Objetivos e Metas'!C15) -> 3900
U19: Regular | V19: =Y20 -> 2540 | X19: Ruim | Y19: ='Objetivos e Metas'!$AF$17*Z19 -> 7620 | Z19: 0.6 | AA19: 0 | AB19: =IF('Objetivos e Metas'!AF18>='Objetivos e Metas'!AF17,0.03,0) -> 0
U20: Bom | V20: =Y21 -> 1270 | X20: Regular | Y20: ='Objetivos e Metas'!$AF$17*Z20 -> 2540 | Z20: 0.2 | AA20: =IF(Y18=0,"",IF('Objetivos e Metas'!AF18>'Objetivos e Metas'!AF17,-COS(PI()*ABS('Objetivos e Metas'!AF17/Y18)),-COS(PI()*ABS('Objetivos e Metas'!AF18/Y18)))) -> -0.56962973 | AB20: =IF(Y18=0,"",IF('Objetivos e Metas'!AF18>='Objetivos e Metas'!AF17,SIN(PI()*ABS('Objetivos e Metas'!AF17/Y18)),SIN(PI()*ABS('Objetivos e Metas'!AF18/Y18)))) -> 0.82190144
U21: Ótimo | V21: =Y22 -> 1270 | X21: Bom | Y21: ='Objetivos e Metas'!$AF$17*Z21 -> 1270 | Z21: 0.1
X22: Ótimo | Y22: ='Objetivos e Metas'!$AF$17*Z22 -> 1270 | Z22: 0.1
A25: Objetivo 2: Escrever objetivo 2 | B25: Breve descrição do objetivo 2
C27: Total até agora | D27: Jan | E27: Fev | F27: Mar | G27: Abr | H27: Mai | I27: Jun | J27: Jul | K27: Ago | L27: Set | M27: Out | N27: Nov | O27: Dez | P27: Total
A28: Indicador 2.1: Escrever indicador 2.1 | B28: Meta/Previsto | C28: =SUMIF($D$103:$O$103,"<="&TODAY(),D28:O28) -> 62500 | D28: 4500 | E28: 4500 | F28: 5000 | G28: 5000 | H28: 5500 | I28: 5500 | J28: 6000 | K28: 6000 | L28: 6500 | M28: 7000 | N28: 7000 | O28: 7500 | P28: =SUM(D28:O28) -> 70000 | U28: INDICADOR 2.1
B29: Realizado | C29: =SUMIF($D$103:$O$103,"<="&TODAY(),D29:O29) -> 8000 | D29: 5000 | E29: 3000 | P29: =SUM(D29:O29) -> 8000 | U29: Categoria | V29: Máximo | X29: Mostrador | Y29: Amplitude | AA29: Agulha | AE29: Meta: | AF29: =IF('Objetivos e Metas'!C28="","",'Objetivos e Metas'!C28) -> 62500
U30: Ruim | V30: =Y31 -> 37500 | Y30: =SUM(Y31:Y34) -> 62500 | AA30: Base | AB30: Extremidade | AE30: Resultado: | AF30: =IF('Objetivos e Metas'!C29="","",'Objetivos e Metas'!C29) -> 8000
C31: Total até agora | D31: Jan | E31: Fev | F31: Mar | G31: Abr | H31: Mai | I31: Jun | J31: Jul | K31: Ago | L31: Set | M31: Out | N31: Nov | O31: Dez | P31: Total | U31: Regular | V31: =Y32 -> 12500 | X31: Ruim | Y31: ='Objetivos e Metas'!$AF$29*Z31 -> 37500 | Z31: 0.6 | AA31: 0 | AB31: =IF('Objetivos e Metas'!AF30>='Objetivos e Metas'!AF29,0.03,0) -> 0
A32: Indicador 2.2: Escrever indicador 2.2 | B32: Meta/Previsto | C32: =SUMIF($D$103:$O$103,"<="&TODAY(),D32:O32) -> 2700 | D32: 800 | E32: 900 | F32: 1000 | P32: =SUM(D32:O32) -> 2700 | U32: Bom | V32: =Y33 -> 6250 | X32: Regular | Y32: ='Objetivos e Metas'!$AF$29*Z32 -> 12500 | Z32: 0.2 | AA32: =IF(Y30=0,"",IF('Objetivos e Metas'!AF30>'Objetivos e Metas'!AF29,-COS(PI()*ABS('Objetivos e Metas'!AF29/Y30)),-COS(PI()*ABS('Objetivos e Metas'!AF30/Y30)))) -> -0.92023185 | AB32: =IF(Y30=0,"",IF('Objetivos e Metas'!AF30>='Objetivos e Metas'!AF29,SIN(PI()*ABS('Objetivos e Metas'!AF29/Y30)),SIN(PI()*ABS('Objetivos e Metas'!AF30/Y30)))) -> 0.39137367
B33: Realizado | C33: =SUMIF($D$103:$O$103,"<="&TODAY(),D33:O33) -> 1690 | D33: 789 | E33: 901 | P33: =SUM(D33:O33) -> 1690 | U33: Ótimo | V33: =Y34 -> 6250 | X33: Bom | Y33: ='Objetivos e Metas'!$AF$29*Z33 -> 6250 | Z33: 0.1
X34: Ótimo | Y34: ='Objetivos e Metas'!$AF$29*Z34 -> 6250 | Z34: 0.1
F35: =A28 -> Indicador 2.1: Escrever indicador 2.1 | L35: =A32 -> Indicador 2.2: Escrever indicador 2.2
U37: INDICADOR 2.2
U38: Categoria | V38: Máximo | X38: Mostrador | Y38: Amplitude | AA38: Agulha | AE38: Meta: | AF38: =IF('Objetivos e Metas'!C32="","",'Objetivos e Metas'!C32) -> 2700
U39: Ruim | V39: =Y40 -> 1620 | Y39: =SUM(Y40:Y43) -> 2700 | AA39: Base | AB39: Extremidade | AE39: Resultado: | AF39: =IF('Objetivos e Metas'!C33="","",'Objetivos e Metas'!C33) -> 1690
U40: Regular | V40: =Y41 -> 540 | X40: Ruim | Y40: ='Objetivos e Metas'!$AF$38*Z40 -> 1620 | Z40: 0.6 | AA40: 0 | AB40: =IF('Objetivos e Metas'!AF39>='Objetivos e Metas'!AF38,0.03,0) -> 0
U41: Bom | V41: =Y42 -> 270 | X41: Regular | Y41: ='Objetivos e Metas'!$AF$38*Z41 -> 540 | Z41: 0.2 | AA41: =IF(Y39=0,"",IF('Objetivos e Metas'!AF39>'Objetivos e Metas'!AF38,-COS(PI()*ABS('Objetivos e Metas'!AF38/Y39)),-COS(PI()*ABS('Objetivos e Metas'!AF39/Y39)))) -> 0.38536927 | AB41: =IF(Y39=0,"",IF('Objetivos e Metas'!AF39>='Objetivos e Metas'!AF38,SIN(PI()*ABS('Objetivos e Metas'!AF38/Y39)),SIN(PI()*ABS('Objetivos e Metas'!AF39/Y39)))) -> 0.92276244
U42: Ótimo | V42: =Y43 -> 270 | X42: Bom | Y42: ='Objetivos e Metas'!$AF$38*Z42 -> 270 | Z42: 0.1
A43: Objetivo 3: Aumentar alguma coisa | B43: Blablablabla | X43: Ótimo | Y43: ='Objetivos e Metas'!$AF$38*Z43 -> 270 | Z43: 0.1
C45: Total até agora | D45: Jan | E45: Fev | F45: Mar | G45: Abr | H45: Mai | I45: Jun | J45: Jul | K45: Ago | L45: Set | M45: Out | N45: Nov | O45: Dez | P45: Total
A46: Indicador 3.1: 123 | B46: Meta/Previsto | C46: =SUMIF($D$103:$O$103,"<="&TODAY(),D46:O46) -> 21000 | D46: 10000 | E46: 11000 | P46: =SUM(D46:O46) -> 21000
B47: Realizado | C47: =SUMIF($D$103:$O$103,"<="&TODAY(),D47:O47) -> 22800 | D47: 12000 | E47: 10800 | P47: =SUM(D47:O47) -> 22800
C49: Total até agora | D49: Jan | E49: Fev | F49: Mar | G49: Abr | H49: Mai | I49: Jun | J49: Jul | K49: Ago | L49: Set | M49: Out | N49: Nov | O49: Dez | P49: Total
A50: Indicador 3.2: 456 | B50: Meta/Previsto | C50: =SUMIF($D$103:$O$103,"<="&TODAY(),D50:O50) -> 22 | D50: 10 | E50: 12 | P50: =SUM(D50:O50) -> 22 | U50: INDICADOR 3.1
B51: Realizado | C51: =SUMIF($D$103:$O$103,"<="&TODAY(),D51:O51) -> 23 | D51: 12 | E51: 11 | P51: =SUM(D51:O51) -> 23 | U51: Categoria | V51: Máximo | X51: Mostrador | Y51: Amplitude | AA51: Agulha | AD51: Meta: | AE51: =IF('Objetivos e Metas'!C46="","",'Objetivos e Metas'!C46) -> 21000
U52: Ruim | V52: =Y53 -> 12600 | Y52: =SUM(Y53:Y56) -> 21000 | AA52: Base | AB52: Extremidade | AD52: Resultado: | AE52: =IF('Objetivos e Metas'!C47="","",'Objetivos e Metas'!C47) -> 22800
F53: =A46 -> Indicador 3.1: 123 | L53: =A50 -> Indicador 3.2: 456 | U53: Regular | V53: =Y54 -> 4200 | X53: Ruim | Y53: ='Objetivos e Metas'!$AE$51*Z53 -> 12600 | Z53: 0.6 | AA53: 0 | AB53: =IF('Objetivos e Metas'!AE52>='Objetivos e Metas'!AE51,0.03,0) -> 0.03
U54: Bom | V54: =Y55 -> 2100 | X54: Regular | Y54: ='Objetivos e Metas'!$AE$51*Z54 -> 4200 | Z54: 0.2 | AA54: =IF(Y52=0,"",IF('Objetivos e Metas'!AE52>'Objetivos e Metas'!AE51,-COS(PI()*ABS('Objetivos e Metas'!AE51/Y52)),-COS(PI()*ABS('Objetivos e Metas'!AE52/Y52)))) -> 1 | AB54: =IF(Y52=0,"",IF('Objetivos e Metas'!AE52>='Objetivos e Metas'!AE51,SIN(PI()*ABS('Objetivos e Metas'!AE51/Y52)),SIN(PI()*ABS('Objetivos e Metas'!AE52/Y52)))) -> 1.2251485e-16
U55: Ótimo | V55: =Y56 -> 2100 | X55: Bom | Y55: ='Objetivos e Metas'!$AE$51*Z55 -> 2100 | Z55: 0.1
X56: Ótimo | Y56: ='Objetivos e Metas'!$AE$51*Z56 -> 2100 | Z56: 0.1
U59: INDICADOR 3.2
U60: Categoria | V60: Máximo | X60: Mostrador | Y60: Amplitude | AA60: Agulha | AD60: Meta: | AE60: =IF('Objetivos e Metas'!C50="","",'Objetivos e Metas'!C50) -> 22
A61: Objetivo 4: Diminuir outra coisa | B61: blebleble | U61: Ruim | V61: =Y62 -> 13.2 | Y61: =SUM(Y62:Y65) -> 22 | AA61: Base | AB61: Extremidade | AD61: Resultado: | AE61: =IF('Objetivos e Metas'!C51="","",'Objetivos e Metas'!C51) -> 23
U62: Regular | V62: =Y63 -> 4.4 | X62: Ruim | Y62: ='Objetivos e Metas'!$AE$60*Z62 -> 13.2 | Z62: 0.6 | AA62: 0 | AB62: =IF('Objetivos e Metas'!AE61>='Objetivos e Metas'!AE60,0.03,0) -> 0.03
C63: Total até agora | D63: Jan | E63: Fev | F63: Mar | G63: Abr | H63: Mai | I63: Jun | J63: Jul | K63: Ago | L63: Set | M63: Out | N63: Nov | O63: Dez | P63: Total | U63: Bom | V63: =Y64 -> 2.2 | X63: Regular | Y63: ='Objetivos e Metas'!$AE$60*Z63 -> 4.4 | Z63: 0.2 | AA63: =IF(Y61=0,"",IF('Objetivos e Metas'!AE61>'Objetivos e Metas'!AE60,-COS(PI()*ABS('Objetivos e Metas'!AE60/Y61)),-COS(PI()*ABS('Objetivos e Metas'!AE61/Y61)))) -> 1 | AB63: =IF(Y61=0,"",IF('Objetivos e Metas'!AE61>='Objetivos e Metas'!AE60,SIN(PI()*ABS('Objetivos e Metas'!AE60/Y61)),SIN(PI()*ABS('Objetivos e Metas'!AE61/Y61)))) -> 1.2251485e-16
A64: Indicador 4.1: AAA | B64: Meta/Previsto | C64: =SUMIF($D$103:$O$103,"<="&TODAY(),D64:O64) -> 3 | D64: 1 | E64: 2 | P64: =SUM(D64:O64) -> 3 | U64: Ótimo | V64: =Y65 -> 2.2 | X64: Bom | Y64: ='Objetivos e Metas'!$AE$60*Z64 -> 2.2 | Z64: 0.1
B65: Realizado | C65: =SUMIF($D$103:$O$103,"<="&TODAY(),D65:O65) -> 2 | D65: 1 | E65: 1 | P65: =SUM(D65:O65) -> 2 | X65: Ótimo | Y65: ='Objetivos e Metas'!$AE$60*Z65 -> 2.2 | Z65: 0.1
C67: Total até agora | D67: Jan | E67: Fev | F67: Mar | G67: Abr | H67: Mai | I67: Jun | J67: Jul | K67: Ago | L67: Set | M67: Out | N67: Nov | O67: Dez | P67: Total
A68: Indicador 4.2: BBB | B68: Meta/Previsto | C68: =SUMIF($D$103:$O$103,"<="&TODAY(),D68:O68) -> 300 | D68: 100 | E68: 200 | P68: =SUM(D68:O68) -> 300
B69: Realizado | C69: =SUMIF($D$103:$O$103,"<="&TODAY(),D69:O69) -> 150 | D69: 50 | E69: 100 | P69: =SUM(D69:O69) -> 150
F71: =A64 -> Indicador 4.1: AAA | L71: =A68 -> Indicador 4.2: BBB
U77: INDICADOR 4.1
U78: Categoria | V78: Máximo | X78: Mostrador | Y78: Amplitude | AA78: Agulha | AD78: Meta: | AE78: =IF('Objetivos e Metas'!C64="","",'Objetivos e Metas'!C64) -> 3
A79: Objetivo 5: Criar XYZABC | B79: lalala | U79: Ruim | V79: =Y80 -> 1.8 | Y79: =SUM(Y80:Y83) -> 3 | AA79: Base | AB79: Extremidade | AD79: Resultado: | AE79: =IF('Objetivos e Metas'!C65="","",'Objetivos e Metas'!C65) -> 2
U80: Regular | V80: =Y81 -> 0.6 | X80: Ruim | Y80: ='Objetivos e Metas'!$AE$78*Z80 -> 1.8 | Z80: 0.6 | AA80: 0 | AB80: =IF('Objetivos e Metas'!AE79>='Objetivos e Metas'!AE78,0.03,0) -> 0
C81: Total até agora | D81: Jan | E81: Fev | F81: Mar | G81: Abr | H81: Mai | I81: Jun | J81: Jul | K81: Ago | L81: Set | M81: Out | N81: Nov | O81: Dez | P81: Total | U81: Bom | V81: =Y82 -> 0.3 | X81: Regular | Y81: ='Objetivos e Metas'!$AE$78*Z81 -> 0.6 | Z81: 0.2 | AA81: =IF(Y79=0,"",IF('Objetivos e Metas'!AE79>'Objetivos e Metas'!AE78,-COS(PI()*ABS('Objetivos e Metas'!AE78/Y79)),-COS(PI()*ABS('Objetivos e Metas'!AE79/Y79)))) -> 0.5 | AB81: =IF(Y79=0,"",IF('Objetivos e Metas'!AE79>='Objetivos e Metas'!AE78,SIN(PI()*ABS('Objetivos e Metas'!AE78/Y79)),SIN(PI()*ABS('Objetivos e Metas'!AE79/Y79)))) -> 0.8660254
A82: Indicador 5.1: XYZ | B82: Meta/Previsto | C82: =SUMIF($D$103:$O$103,"<="&TODAY(),D82:O82) -> 13 | D82: 4 | E82: 2 | F82: 3 | G82: 4 | P82: =SUM(D82:O82) -> 13 | U82: Ótimo | V82: =Y83 -> 0.3 | X82: Bom | Y82: ='Objetivos e Metas'!$AE$78*Z82 -> 0.3 | Z82: 0.1
B83: Realizado | C83: =SUMIF($D$103:$O$103,"<="&TODAY(),D83:O83) -> 8 | D83: 4 | E83: 2 | F83: 2 | P83: =SUM(D83:O83) -> 8 | X83: Ótimo | Y83: ='Objetivos e Metas'!$AE$78*Z83 -> 0.3 | Z83: 0.1
C85: Total até agora | D85: Jan | E85: Fev | F85: Mar | G85: Abr | H85: Mai | I85: Jun | J85: Jul | K85: Ago | L85: Set | M85: Out | N85: Nov | O85: Dez | P85: Total
A86: Indicador 5.2: ABC | B86: Meta/Previsto | C86: =SUMIF($D$103:$O$103,"<="&TODAY(),D86:O86) -> 5 | D86: 1 | E86: 1 | F86: 1 | G86: 1 | H86: 1 | P86: =SUM(D86:O86) -> 5 | U86: INDICADOR 4.2
B87: Realizado | C87: =SUMIF($D$103:$O$103,"<="&TODAY(),D87:O87) -> 2.5 | D87: 2.5 | E87: 0 | P87: =SUM(D87:O87) -> 2.5 | U87: Categoria | V87: Máximo | X87: Mostrador | Y87: Amplitude | AA87: Agulha | AD87: Meta: | AE87: =IF('Objetivos e Metas'!C68="","",'Objetivos e Metas'!C68) -> 300
U88: Ruim | V88: =Y90 -> 180 | Y88: =SUM(Y90:Y93) -> 300 | AA88: Base | AB88: Extremidade | AD88: Resultado: | AE88: =IF('Objetivos e Metas'!C69="","",'Objetivos e Metas'!C69) -> 150
F89: =A82 -> Indicador 5.1: XYZ | L89: =A86 -> Indicador 5.2: ABC
U90: Regular | V90: =Y91 -> 60 | X90: Ruim | Y90: ='Objetivos e Metas'!$AE$87*Z90 -> 180 | Z90: 0.6 | AA90: 0 | AB90: =IF('Objetivos e Metas'!AE88>='Objetivos e Metas'!AE87,0.03,0) -> 0
U91: Bom | V91: =Y92 -> 30 | X91: Regular | Y91: ='Objetivos e Metas'!$AE$87*Z91 -> 60 | Z91: 0.2 | AA91: =IF(Y88=0,"",IF('Objetivos e Metas'!AE88>'Objetivos e Metas'!AE87,-COS(PI()*ABS('Objetivos e Metas'!AE87/Y88)),-COS(PI()*ABS('Objetivos e Metas'!AE88/Y88)))) -> -6.1257423e-17 | AB91: =IF(Y88=0,"",IF('Objetivos e Metas'!AE88>='Objetivos e Metas'!AE87,SIN(PI()*ABS('Objetivos e Metas'!AE87/Y88)),SIN(PI()*ABS('Objetivos e Metas'!AE88/Y88)))) -> 1
U92: Ótimo | V92: =Y93 -> 30 | X92: Bom | Y92: ='Objetivos e Metas'!$AE$87*Z92 -> 30 | Z92: 0.1
X93: Ótimo | Y93: ='Objetivos e Metas'!$AE$87*Z93 -> 30 | Z93: 0.1
U101: INDICADOR 5.1
D102: =CONCATENATE("31/01/"&$B$3) -> 31/01/2025 | E102: =CONCATENATE("28/02/"&B3) -> 28/02/2025 | F102: =CONCATENATE("31/03/"&B3) -> 31/03/2025 | G102: =CONCATENATE("30/04/"&B3) -> 30/04/2025 | H102: =CONCATENATE("31/05/"&B3) -> 31/05/2025 | I102: =CONCATENATE("30/06/"&B3) -> 30/06/2025 | J102: =CONCATENATE("31/07/"&B3) -> 31/07/2025 | K102: =CONCATENATE("31/08/"&B3) -> 31/08/2025 | L102: =CONCATENATE("30/09/"&B3) -> 30/09/2025 | M102: =CONCATENATE("31/10/"&B3) -> 31/10/2025 | N102: =CONCATENATE("30/11/"&B3) -> 30/11/2025 | O102: =CONCATENATE("31/12/"&B3) -> 31/12/2025 | U102: Categoria | V102: Máximo | X102: Mostrador | Y102: Amplitude | AA102: Agulha | AD102: Meta: | AE102: =IF('[1]Objetivos e Metas'!C82="","",'[1]Objetivos e Metas'!C82) -> 0
D103: =DATEVALUE(D102) -> 45688 | E103: =DATEVALUE(E102) -> 45716 | F103: =DATEVALUE(F102) -> 45747 | G103: =DATEVALUE(G102) -> 45777 | H103: =DATEVALUE(H102) -> 45808 | I103: =DATEVALUE(I102) -> 45838 | J103: =DATEVALUE(J102) -> 45869 | K103: =DATEVALUE(K102) -> 45900 | ... O103: =DATEVALUE(O102) -> 46022 | U103: Ruim | V103: =Y104 -> 0 | Y103: =SUM(Y104:Y107) -> 0 | AA103: Base | AB103: Extremidade | AD103: Resultado: | AE103: =IF('[1]Objetivos e Metas'!C83="","",'[1]Objetivos e Metas'!C83) -> 0
U104: Regular | V104: =Y105 -> 0 | X104: Ruim | Y104: ='Objetivos e Metas'!$AE$102*Z104 -> 0 | Z104: 0.6 | AA104: 0 | AB104: =IF('Objetivos e Metas'!AE103>='Objetivos e Metas'!AE102,0.03,0) -> 0.03
U105: Bom | V105: =Y106 -> 0 | X105: Regular | Y105: ='Objetivos e Metas'!$AE$102*Z105 -> 0 | Z105: 0.2 | AA105: =IF(Y103=0,"",IF('Objetivos e Metas'!AE103>'Objetivos e Metas'!AE102,-COS(PI()*ABS('Objetivos e Metas'!AE102/Y103)),-COS(PI()*ABS('Objetivos e Metas'!AE103/Y103)))) | AB105: =IF(Y103=0,"",IF('Objetivos e Metas'!AE103>='Objetivos e Metas'!AE102,SIN(PI()*ABS('Objetivos e Metas'!AE102/Y103)),SIN(PI()*ABS('Objetivos e Metas'!AE103/Y103))))
U106: Ótimo | V106: =Y107 -> 0 | X106: Bom | Y106: ='Objetivos e Metas'!$AE$102*Z106 -> 0 | Z106: 0.1
X107: Ótimo | Y107: ='Objetivos e Metas'!$AE$102*Z107 -> 0 | Z107: 0.1
U110: INDICADOR 5.2
U111: Categoria | V111: Máximo | X111: Mostrador | Y111: Amplitude | AA111: Agulha | AD111: Meta: | AE111: =IF('Objetivos e Metas'!C86="","",'Objetivos e Metas'!C86) -> 5
U112: Ruim | V112: =Y113 -> 3 | Y112: =SUM(Y113:Y116) -> 5 | AA112: Base | AB112: Extremidade | AD112: Resultado: | AE112: =IF('Objetivos e Metas'!C87="","",'Objetivos e Metas'!C87) -> 2.5
U113: Regular | V113: =Y114 -> 1 | X113: Ruim | Y113: ='Objetivos e Metas'!$AE$111*Z113 -> 3 | Z113: 0.6 | AA113: 0 | AB113: =IF('Objetivos e Metas'!AE112>='Objetivos e Metas'!AE111,0.03,0) -> 0
U114: Bom | V114: =Y115 -> 0.5 | X114: Regular | Y114: ='Objetivos e Metas'!$AE$111*Z114 -> 1 | Z114: 0.2 | AA114: =IF(Y112=0,"",IF('Objetivos e Metas'!AE112>'Objetivos e Metas'!AE111,-COS(PI()*ABS('Objetivos e Metas'!AE111/Y112)),-COS(PI()*ABS('Objetivos e Metas'!AE112/Y112)))) -> -6.1257423e-17 | AB114: =IF(Y112=0,"",IF('Objetivos e Metas'!AE112>='Objetivos e Metas'!AE111,SIN(PI()*ABS('Objetivos e Metas'!AE111/Y112)),SIN(PI()*ABS('Objetivos e Metas'!AE112/Y112)))) -> 1
U115: Ótimo | V115: =Y116 -> 0.5 | X115: Bom | Y115: ='Objetivos e Metas'!$AE$111*Z115 -> 0.5 | Z115: 0.1
X116: Ótimo | Y116: ='Objetivos e Metas'!$AE$111*Z116 -> 0.5 | Z116: 0.1

Sheet Objetivos e Metas (2)
B2: Ano:
B3: 2025
A7: Objetivo 6: Escrever objetivo 6 | B7: Aumentar faturamento da empresa e, consequentemente, o lucro dela e o pró-labore do sócios. | U7: INDICADOR 1,1
U8: Categoria | V8: Máximo | X8: Mostrador | Y8: Amplitude | AA8: Agulha | AE8: Meta: | AF8: =IF('Objetivos e Metas (2)'!C10="","",'Objetivos e Metas (2)'!C10) -> 62500
C9: Total até agora | D9: Jan | E9: Fev | F9: Mar | G9: Abr | H9: Mai | I9: Jun | J9: Jul | K9: Ago | L9: Set | M9: Out | N9: Nov | O9: Dez | P9: Total | U9: Ruim | V9: =Y10 -> 37500 | Y9: =SUM(Y10:Y13) -> 62500 | AA9: Base | AB9: Extremidade | AE9: Resultado: | AF9: =IF('Objetivos e Metas (2)'!C11="","",'Objetivos e Metas (2)'!C11) -> 29500
A10: Indicador 1.1: Faturamento Total | B10: Meta/Previsto | C10: =SUMIF($D$103:$O$103,"<="&TODAY(),D10:O10) -> 62500 | D10: 4500 | E10: 4500 | F10: 5000 | G10: 5000 | H10: 5500 | I10: 5500 | J10: 6000 | K10: 6000 | L10: 6500 | M10: 7000 | N10: 7000 | O10: 7500 | P10: =SUM(D10:O10) -> 70000 | U10: Regular | V10: =Y11 -> 12500 | X10: Ruim | Y10: ='Objetivos e Metas (2)'!$AF$8*Z10 -> 37500 | Z10: 0.6 | AA10: 0 | AB10: =IF('Objetivos e Metas (2)'!AF9>='Objetivos e Metas (2)'!AF8,0.03,0) -> 0
B11: Realizado | C11: =SUMIF($D$103:$O$103,"<="&TODAY(),D11:O11) -> 29500 | D11: 5000 | E11: 5000 | F11: 5500 | G11: 9000 | H11: 5000 | P11: =SUM(D11:O11) -> 29500 | U11: Bom | V11: =Y12 -> 6250 | X11: Regular | Y11: ='Objetivos e Metas (2)'!$AF$8*Z11 -> 12500 | Z11: 0.2 | AA11: =IF(Y9=0,"",IF('Objetivos e Metas (2)'!AF9>'Objetivos e Metas (2)'!AF8,-COS(PI()*ABS('Objetivos e Metas (2)'!AF8/Y9)),-COS(PI()*ABS('Objetivos e Metas (2)'!AF9/Y9)))) -> -0.087851197 | AB11: =IF(Y9=0,"",IF('Objetivos e Metas (2)'!AF9>='Objetivos e Metas (2)'!AF8,SIN(PI()*ABS('Objetivos e Metas (2)'!AF8/Y9)),SIN(PI()*ABS('Objetivos e Metas (2)'!AF9/Y9)))) -> 0.99613361
U12: Ótimo | V12: =Y13 -> 6250 | X12: Bom | Y12: ='Objetivos e Metas (2)'!$AF$8*Z12 -> 6250 | Z12: 0.1
C13: Total até agora | D13: Jan | E13: Fev | F13: Mar | G13: Abr | H13: Mai | I13: Jun | J13: Jul | K13: Ago | L13: Set | M13: Out | N13: Nov | O13: Dez | P13: Total | X13: Ótimo | Y13: ='Objetivos e Metas (2)'!$AF$8*Z13 -> 6250 | Z13: 0.1
A14: Indicador 1.2: Lucro Total | B14: Meta/Previsto | C14: =SUMIF($D$103:$O$103,"<="&TODAY(),D14:O14) -> 12700 | D14: 1000 | E14: 900 | F14: 1200 | G14: 1200 | H14: 1200 | I14: 1200 | J14: 1200 | K14: 1200 | L14: 1200 | M14: 1200 | N14: 1200 | O14: 1200 | P14: =SUM(D14:O14) -> 13900
B15: Realizado | C15: =SUMIF($D$103:$O$103,"<="&TODAY(),D15:O15) -> 3900 | D15: 700 | E15: 900 | F15: 1300 | G15: 1000 | P15: =SUM(D15:O15) -> 3900
U16: INDICADOR 1.2
F17: =A10 -> Indicador 1.1: Faturamento Total | L17: =A14 -> Indicador 1.2: Lucro Total | U17: Categoria | V17: Máximo | X17: Mostrador | Y17: Amplitude | AA17: Agulha | AE17: Meta: | AF17: =IF('Objetivos e Metas (2)'!C14="","",'Objetivos e Metas (2)'!C14) -> 12700
A18: * O velocímetro se baseia no valor "total até agora" | U18: Ruim | V18: =Y19 -> 7620 | Y18: =SUM(Y19:Y22) -> 12700 | AA18: Base | AB18: Extremidade | AE18: Resultado: | AF18: =IF('Objetivos e Metas (2)'!C15="","",'Objetivos e Metas (2)'!C15) -> 3900
U19: Regular | V19: =Y20 -> 2540 | X19: Ruim | Y19: ='Objetivos e Metas (2)'!$AF$17*Z19 -> 7620 | Z19: 0.6 | AA19: 0 | AB19: =IF('Objetivos e Metas (2)'!AF18>='Objetivos e Metas (2)'!AF17,0.03,0) -> 0
U20: Bom | V20: =Y21 -> 1270 | X20: Regular | Y20: ='Objetivos e Metas (2)'!$AF$17*Z20 -> 2540 | Z20: 0.2 | AA20: =IF(Y18=0,"",IF('Objetivos e Metas (2)'!AF18>'Objetivos e Metas (2)'!AF17,-COS(PI()*ABS('Objetivos e Metas (2)'!AF17/Y18)),-COS(PI()*ABS('Objetivos e Metas (2)'!AF18/Y18)))) -> -0.56962973 | AB20: =IF(Y18=0,"",IF('Objetivos e Metas (2)'!AF18>='Objetivos e Metas (2)'!AF17,SIN(PI()*ABS('Objetivos e Metas (2)'!AF17/Y18)),SIN(PI()*ABS('Objetivos e Metas (2)'!AF18/Y18)))) -> 0.82190144
U21: Ótimo | V21: =Y22 -> 1270 | X21: Bom | Y21: ='Objetivos e Metas (2)'!$AF$17*Z21 -> 1270 | Z21: 0.1
X22: Ótimo | Y22: ='Objetivos e Metas (2)'!$AF$17*Z22 -> 1270 | Z22: 0.1
A25: Objetivo 7: Escrever objetivo 7 | B25: Breve descrição do objetivo 2
C27: Total até agora | D27: Jan | E27: Fev | F27: Mar | G27: Abr | H27: Mai | I27: Jun | J27: Jul | K27: Ago | L27: Set | M27: Out | N27: Nov | O27: Dez | P27: Total
A28: Indicador 2.1: Escrever indicador 2.1 | B28: Meta/Previsto | C28: =SUMIF($D$103:$O$103,"<="&TODAY(),D28:O28) -> 62500 | D28: 4500 | E28: 4500 | F28: 5000 | G28: 5000 | H28: 5500 | I28: 5500 | J28: 6000 | K28: 6000 | L28: 6500 | M28: 7000 | N28: 7000 | O28: 7500 | P28: =SUM(D28:O28) -> 70000 | U28: INDICADOR 2.1
B29: Realizado | C29: =SUMIF($D$103:$O$103,"<="&TODAY(),D29:O29) -> 8000 | D29: 5000 | E29: 3000 | P29: =SUM(D29:O29) -> 8000 | U29: Categoria | V29: Máximo | X29: Mostrador | Y29: Amplitude | AA29: Agulha | AE29: Meta: | AF29: =IF('Objetivos e Metas (2)'!C28="","",'Objetivos e Metas (2)'!C28) -> 62500
U30: Ruim | V30: =Y31 -> 37500 | Y30: =SUM(Y31:Y34) -> 62500 | AA30: Base | AB30: Extremidade | AE30: Resultado: | AF30: =IF('Objetivos e Metas (2)'!C29="","",'Objetivos e Metas (2)'!C29) -> 8000
C31: Total até agora | D31: Jan | E31: Fev | F31: Mar | G31: Abr | H31: Mai | I31: Jun | J31: Jul | K31: Ago | L31: Set | M31: Out | N31: Nov | O31: Dez | P31: Total | U31: Regular | V31: =Y32 -> 12500 | X31: Ruim | Y31: ='Objetivos e Metas (2)'!$AF$29*Z31 -> 37500 | Z31: 0.6 | AA31: 0 | AB31: =IF('Objetivos e Metas (2)'!AF30>='Objetivos e Metas (2)'!AF29,0.03,0) -> 0
A32: Indicador 2.2: Escrever indicador 2.2 | B32: Meta/Previsto | C32: =SUMIF($D$103:$O$103,"<="&TODAY(),D32:O32) -> 2700 | D32: 800 | E32: 900 | F32: 1000 | P32: =SUM(D32:O32) -> 2700 | U32: Bom | V32: =Y33 -> 6250 | X32: Regular | Y32: ='Objetivos e Metas (2)'!$AF$29*Z32 -> 12500 | Z32: 0.2 | AA32: =IF(Y30=0,"",IF('Objetivos e Metas (2)'!AF30>'Objetivos e Metas (2)'!AF29,-COS(PI()*ABS('Objetivos e Metas (2)'!AF29/Y30)),-COS(PI()*ABS('Objetivos e Metas (2)'!AF30/Y30)))) -> -0.92023185 | AB32: =IF(Y30=0,"",IF('Objetivos e Metas (2)'!AF30>='Objetivos e Metas (2)'!AF29,SIN(PI()*ABS('Objetivos e Metas (2)'!AF29/Y30)),SIN(PI()*ABS('Objetivos e Metas (2)'!AF30/Y30)))) -> 0.39137367
B33: Realizado | C33: =SUMIF($D$103:$O$103,"<="&TODAY(),D33:O33) -> 1690 | D33: 789 | E33: 901 | P33: =SUM(D33:O33) -> 1690 | U33: Ótimo | V33: =Y34 -> 6250 | X33: Bom | Y33: ='Objetivos e Metas (2)'!$AF$29*Z33 -> 6250 | Z33: 0.1
X34: Ótimo | Y34: ='Objetivos e Metas (2)'!$AF$29*Z34 -> 6250 | Z34: 0.1
F35: =A28 -> Indicador 2.1: Escrever indicador 2.1 | L35: =A32 -> Indicador 2.2: Escrever indicador 2.2
U37: INDICADOR 2.2
U38: Categoria | V38: Máximo | X38: Mostrador | Y38: Amplitude | AA38: Agulha | AE38: Meta: | AF38: =IF('Objetivos e Metas (2)'!C32="","",'Objetivos e Metas (2)'!C32) -> 2700
U39: Ruim | V39: =Y40 -> 1620 | Y39: =SUM(Y40:Y43) -> 2700 | AA39: Base | AB39: Extremidade | AE39: Resultado: | AF39: =IF('Objetivos e Metas (2)'!C33="","",'Objetivos e Metas (2)'!C33) -> 1690
U40: Regular | V40: =Y41 -> 540 | X40: Ruim | Y40: ='Objetivos e Metas (2)'!$AF$38*Z40 -> 1620 | Z40: 0.6 | AA40: 0 | AB40: =IF('Objetivos e Metas (2)'!AF39>='Objetivos e Metas (2)'!AF38,0.03,0) -> 0
U41: Bom | V41: =Y42 -> 270 | X41: Regular | Y41: ='Objetivos e Metas (2)'!$AF$38*Z41 -> 540 | Z41: 0.2 | AA41: =IF(Y39=0,"",IF('Objetivos e Metas (2)'!AF39>'Objetivos e Metas (2)'!AF38,-COS(PI()*ABS('Objetivos e Metas (2)'!AF38/Y39)),-COS(PI()*ABS('Objetivos e Metas (2)'!AF39/Y39)))) -> 0.38536927 | AB41: =IF(Y39=0,"",IF('Objetivos e Metas (2)'!AF39>='Objetivos e Metas (2)'!AF38,SIN(PI()*ABS('Objetivos e Metas (2)'!AF38/Y39)),SIN(PI()*ABS('Objetivos e Metas (2)'!AF39/Y39)))) -> 0.92276244
U42: Ótimo | V42: =Y43 -> 270 | X42: Bom | Y42: ='Objetivos e Metas (2)'!$AF$38*Z42 -> 270 | Z42: 0.1
A43: Objetivo 8: Aumentar alguma coisa | B43: Blablablabla | X43: Ótimo | Y43: ='Objetivos e Metas (2)'!$AF$38*Z43 -> 270 | Z43: 0.1
C45: Total até agora | D45: Jan | E45: Fev | F45: Mar | G45: Abr | H45: Mai | I45: Jun | J45: Jul | K45: Ago | L45: Set | M45: Out | N45: Nov | O45: Dez | P45: Total
A46: Indicador 3.1: 123 | B46: Meta/Previsto | C46: =SUMIF($D$103:$O$103,"<="&TODAY(),D46:O46) -> 21000 | D46: 10000 | E46: 11000 | P46: =SUM(D46:O46) -> 21000
B47: Realizado | C47: =SUMIF($D$103:$O$103,"<="&TODAY(),D47:O47) -> 22800 | D47: 12000 | E47: 10800 | P47: =SUM(D47:O47) -> 22800
C49: Total até agora | D49: Jan | E49: Fev | F49: Mar | G49: Abr | H49: Mai | I49: Jun | J49: Jul | K49: Ago | L49: Set | M49: Out | N49: Nov | O49: Dez | P49: Total
A50: Indicador 3.2: 456 | B50: Meta/Previsto | C50: =SUMIF($D$103:$O$103,"<="&TODAY(),D50:O50) -> 22 | D50: 10 | E50: 12 | P50: =SUM(D50:O50) -> 22 | U50: INDICADOR 3.1
B51: Realizado | C51: =SUMIF($D$103:$O$103,"<="&TODAY(),D51:O51) -> 23 | D51: 12 | E51: 11 | P51: =SUM(D51:O51) -> 23 | U51: Categoria | V51: Máximo | X51: Mostrador | Y51: Amplitude | AA51: Agulha | AD51: Meta: | AE51: =IF('Objetivos e Metas (2)'!C46="","",'Objetivos e Metas (2)'!C46) -> 21000
U52: Ruim | V52: =Y53 -> 12600 | Y52: =SUM(Y53:Y56) -> 21000 | AA52: Base | AB52: Extremidade | AD52: Resultado: | AE52: =IF('Objetivos e Metas (2)'!C47="","",'Objetivos e Metas (2)'!C47) -> 22800
F53: =A46 -> Indicador 3.1: 123 | L53: =A50 -> Indicador 3.2: 456 | U53: Regular | V53: =Y54 -> 4200 | X53: Ruim | Y53: ='Objetivos e Metas (2)'!$AE$51*Z53 -> 12600 | Z53: 0.6 | AA53: 0 | AB53: =IF('Objetivos e Metas (2)'!AE52>='Objetivos e Metas (2)'!AE51,0.03,0) -> 0.03
U54: Bom | V54: =Y55 -> 2100 | X54: Regular | Y54: ='Objetivos e Metas (2)'!$AE$51*Z54 -> 4200 | Z54: 0.2 | AA54: =IF(Y52=0,"",IF('Objetivos e Metas (2)'!AE52>'Objetivos e Metas (2)'!AE51,-COS(PI()*ABS('Objetivos e Metas (2)'!AE51/Y52)),-COS(PI()*ABS('Objetivos e Metas (2)'!AE52/Y52)))) -> 1 | AB54: =IF(Y52=0,"",IF('Objetivos e Metas (2)'!AE52>='Objetivos e Metas (2)'!AE51,SIN(PI()*ABS('Objetivos e Metas (2)'!AE51/Y52)),SIN(PI()*ABS('Objetivos e Metas (2)'!AE52/Y52)))) -> 1.2251485e-16
U55: Ótimo | V55: =Y56 -> 2100 | X55: Bom | Y55: ='Objetivos e Metas (2)'!$AE$51*Z55 -> 2100 | Z55: 0.1
X56: Ótimo | Y56: ='Objetivos e Metas (2)'!$AE$51*Z56 -> 2100 | Z56: 0.1
U59: INDICADOR 3.2
U60: Categoria | V60: Máximo | X60: Mostrador | Y60: Amplitude | AA60: Agulha | AD60: Meta: | AE60: =IF('Objetivos e Metas (2)'!C50="","",'Objetivos e Metas (2)'!C50) -> 22
A61: Objetivo 9: Diminuir outra coisa | B61: blebleble | U61: Ruim | V61: =Y62 -> 13.2 | Y61: =SUM(Y62:Y65) -> 22 | AA61: Base | AB61: Extremidade | AD61: Resultado: | AE61: =IF('Objetivos e Metas (2)'!C51="","",'Objetivos e Metas (2)'!C51) -> 23
U62: Regular | V62: =Y63 -> 4.4 | X62: Ruim | Y62: ='Objetivos e Metas (2)'!$AE$60*Z62 -> 13.2 | Z62: 0.6 | AA62: 0 | AB62: =IF('Objetivos e Metas (2)'!AE61>='Objetivos e Metas (2)'!AE60,0.03,0) -> 0.03
C63: Total até agora | D63: Jan | E63: Fev | F63: Mar | G63: Abr | H63: Mai | I63: Jun | J63: Jul | K63: Ago | L63: Set | M63: Out | N63: Nov | O63: Dez | P63: Total | U63: Bom | V63: =Y64 -> 2.2 | X63: Regular | Y63: ='Objetivos e Metas (2)'!$AE$60*Z63 -> 4.4 | Z63: 0.2 | AA63: =IF(Y61=0,"",IF('Objetivos e Metas (2)'!AE61>'Objetivos e Metas (2)'!AE60,-COS(PI()*ABS('Objetivos e Metas (2)'!AE60/Y61)),-COS(PI()*ABS('Objetivos e Metas (2)'!AE61/Y61)))) -> 1 | AB63: =IF(Y61=0,"",IF('Objetivos e Metas (2)'!AE61>='Objetivos e Metas (2)'!AE60,SIN(PI()*ABS('Objetivos e Metas (2)'!AE60/Y61)),SIN(PI()*ABS('Objetivos e Metas (2)'!AE61/Y61)))) -> 1.2251485e-16
A64: Indicador 4.1: AAA | B64: Meta/Previsto | C64: =SUMIF($D$103:$O$103,"<="&TODAY(),D64:O64) -> 3 | D64: 1 | E64: 2 | P64: =SUM(D64:O64) -> 3 | U64: Ótimo | V64: =Y65 -> 2.2 | X64: Bom | Y64: ='Objetivos e Metas (2)'!$AE$60*Z64 -> 2.2 | Z64: 0.1
B65: Realizado | C65: =SUMIF($D$103:$O$103,"<="&TODAY(),D65:O65) -> 2 | D65: 1 | E65: 1 | P65: =SUM(D65:O65) -> 2 | X65: Ótimo | Y65: ='Objetivos e Metas (2)'!$AE$60*Z65 -> 2.2 | Z65: 0.1
C67: Total até agora | D67: Jan | E67: Fev | F67: Mar | G67: Abr | H67: Mai | I67: Jun | J67: Jul | K67: Ago | L67: Set | M67: Out | N67: Nov | O67: Dez | P67: Total
A68: Indicador 4.2: BBB | B68: Meta/Previsto | C68: =SUMIF($D$103:$O$103,"<="&TODAY(),D68:O68) -> 300 | D68: 100 | E68: 200 | P68: =SUM(D68:O68) -> 300
B69: Realizado | C69: =SUMIF($D$103:$O$103,"<="&TODAY(),D69:O69) -> 150 | D69: 50 | E69: 100 | P69: =SUM(D69:O69) -> 150
F71: =A64 -> Indicador 4.1: AAA | L71: =A68 -> Indicador 4.2: BBB
U77: INDICADOR 4.1
U78: Categoria | V78: Máximo | X78: Mostrador | Y78: Amplitude | AA78: Agulha | AD78: Meta: | AE78: =IF('Objetivos e Metas (2)'!C64="","",'Objetivos e Metas (2)'!C64) -> 3
A79: Objetivo 10: Criar XYZABC | B79: lalala | U79: Ruim | V79: =Y80 -> 1.8 | Y79: =SUM(Y80:Y83) -> 3 | AA79: Base | AB79: Extremidade | AD79: Resultado: | AE79: =IF('Objetivos e Metas (2)'!C65="","",'Objetivos e Metas (2)'!C65) -> 2
U80: Regular | V80: =Y81 -> 0.6 | X80: Ruim | Y80: ='Objetivos e Metas (2)'!$AE$78*Z80 -> 1.8 | Z80: 0.6 | AA80: 0 | AB80: =IF('Objetivos e Metas (2)'!AE79>='Objetivos e Metas (2)'!AE78,0.03,0) -> 0
C81: Total até agora | D81: Jan | E81: Fev | F81: Mar | G81: Abr | H81: Mai | I81: Jun | J81: Jul | K81: Ago | L81: Set | M81: Out | N81: Nov | O81: Dez | P81: Total | U81: Bom | V81: =Y82 -> 0.3 | X81: Regular | Y81: ='Objetivos e Metas (2)'!$AE$78*Z81 -> 0.6 | Z81: 0.2 | AA81: =IF(Y79=0,"",IF('Objetivos e Metas (2)'!AE79>'Objetivos e Metas (2)'!AE78,-COS(PI()*ABS('Objetivos e Metas (2)'!AE78/Y79)),-COS(PI()*ABS('Objetivos e Metas (2)'!AE79/Y79)))) -> 0.5 | AB81: =IF(Y79=0,"",IF('Objetivos e Metas (2)'!AE79>='Objetivos e Metas (2)'!AE78,SIN(PI()*ABS('Objetivos e Metas (2)'!AE78/Y79)),SIN(PI()*ABS('Objetivos e Metas (2)'!AE79/Y79)))) -> 0.8660254
A82: Indicador 5.1: XYZ | B82: Meta/Previsto | C82: =SUMIF($D$103:$O$103,"<="&TODAY(),D82:O82) -> 13 | D82: 4 | E82: 2 | F82: 3 | G82: 4 | P82: =SUM(D82:O82) -> 13 | U82: Ótimo | V82: =Y83 -> 0.3 | X82: Bom | Y82: ='Objetivos e Metas (2)'!$AE$78*Z82 -> 0.3 | Z82: 0.1
B83: Realizado | C83: =SUMIF($D$103:$O$103,"<="&TODAY(),D83:O83) -> 8 | D83: 4 | E83: 2 | F83: 2 | P83: =SUM(D83:O83) -> 8 | X83: Ótimo | Y83: ='Objetivos e Metas (2)'!$AE$78*Z83 -> 0.3 | Z83: 0.1
C85: Total até agora | D85: Jan | E85: Fev | F85: Mar | G85: Abr | H85: Mai | I85: Jun | J85: Jul | K85: Ago | L85: Set | M85: Out | N85: Nov | O85: Dez | P85: Total
A86: Indicador 5.2: ABC | B86: Meta/Previsto | C86: =SUMIF($D$103:$O$103,"<="&TODAY(),D86:O86) -> 5 | D86: 1 | E86: 1 | F86: 1 | G86: 1 | H86: 1 | P86: =SUM(D86:O86) -> 5 | U86: INDICADOR 4.2
B87: Realizado | C87: =SUMIF($D$103:$O$103,"<="&TODAY(),D87:O87) -> 2.5 | D87: 2.5 | E87: 0 | P87: =SUM(D87:O87) -> 2.5 | U87: Categoria | V87: Máximo | X87: Mostrador | Y87: Amplitude | AA87: Agulha | AD87: Meta: | AE87: =IF('Objetivos e Metas (2)'!C68="","",'Objetivos e Metas (2)'!C68) -> 300
U88: Ruim | V88: =Y90 -> 180 | Y88: =SUM(Y90:Y93) -> 300 | AA88: Base | AB88: Extremidade | AD88: Resultado: | AE88: =IF('Objetivos e Metas (2)'!C69="","",'Objetivos e Metas (2)'!C69) -> 150
F89: =A82 -> Indicador 5.1: XYZ | L89: =A86 -> Indicador 5.2: ABC
U90: Regular | V90: =Y91 -> 60 | X90: Ruim | Y90: ='Objetivos e Metas (2)'!$AE$87*Z90 -> 180 | Z90: 0.6 | AA90: 0 | AB90: =IF('Objetivos e Metas (2)'!AE88>='Objetivos e Metas (2)'!AE87,0.03,0) -> 0
U91: Bom | V91: =Y92 -> 30 | X91: Regular | Y91: ='Objetivos e Metas (2)'!$AE$87*Z91 -> 60 | Z91: 0.2 | AA91: =IF(Y88=0,"",IF('Objetivos e Metas (2)'!AE88>'Objetivos e Metas (2)'!AE87,-COS(PI()*ABS('Objetivos e Metas (2)'!AE87/Y88)),-COS(PI()*ABS('Objetivos e Metas (2)'!AE88/Y88)))) -> -6.1257423e-17 | AB91: =IF(Y88=0,"",IF('Objetivos e Metas (2)'!AE88>='Objetivos e Metas (2)'!AE87,SIN(PI()*ABS('Objetivos e Metas (2)'!AE87/Y88)),SIN(PI()*ABS('Objetivos e Metas (2)'!AE88/Y88)))) -> 1
U92: Ótimo | V92: =Y93 -> 30 | X92: Bom | Y92: ='Objetivos e Metas (2)'!$AE$87*Z92 -> 30 | Z92: 0.1
X93: Ótimo | Y93: ='Objetivos e Metas (2)'!$AE$87*Z93 -> 30 | Z93: 0.1
U101: INDICADOR 5.1
D102: =CONCATENATE("31/01/"&$B$3) -> 31/01/2025 | E102: =CONCATENATE("28/02/"&B3) -> 28/02/2025 | F102: =CONCATENATE("31/03/"&B3) -> 31/03/2025 | G102: =CONCATENATE("30/04/"&B3) -> 30/04/2025 | H102: =CONCATENATE("31/05/"&B3) -> 31/05/2025 | I102: =CONCATENATE("30/06/"&B3) -> 30/06/2025 | J102: =CONCATENATE("31/07/"&B3) -> 31/07/2025 | K102: =CONCATENATE("31/08/"&B3) -> 31/08/2025 | L102: =CONCATENATE("30/09/"&B3) -> 30/09/2025 | M102: =CONCATENATE("31/10/"&B3) -> 31/10/2025 | N102: =CONCATENATE("30/11/"&B3) -> 30/11/2025 | O102: =CONCATENATE("31/12/"&B3) -> 31/12/2025 | U102: Categoria | V102: Máximo | X102: Mostrador | Y102: Amplitude | AA102: Agulha | AD102: Meta: | AE102: =IF('[1]Objetivos e Metas'!C82="","",'[1]Objetivos e Metas'!C82) -> 0
D103: =DATEVALUE(D102) -> 45688 | E103: =DATEVALUE(E102) -> 45716 | F103: =DATEVALUE(F102) -> 45747 | G103: =DATEVALUE(G102) -> 45777 | H103: =DATEVALUE(H102) -> 45808 | I103: =DATEVALUE(I102) -> 45838 | J103: =DATEVALUE(J102) -> 45869 | K103: =DATEVALUE(K102) -> 45900 | ... O103: =DATEVALUE(O102) -> 46022 | U103: Ruim | V103: =Y104 -> 0 | Y103: =SUM(Y104:Y107) -> 0 | AA103: Base | AB103: Extremidade | AD103: Resultado: | AE103: =IF('[1]Objetivos e Metas'!C83="","",'[1]Objetivos e Metas'!C83) -> 0
U104: Regular | V104: =Y105 -> 0 | X104: Ruim | Y104: ='Objetivos e Metas (2)'!$AE$102*Z104 -> 0 | Z104: 0.6 | AA104: 0 | AB104: =IF('Objetivos e Metas (2)'!AE103>='Objetivos e Metas (2)'!AE102,0.03,0) -> 0.03
U105: Bom | V105: =Y106 -> 0 | X105: Regular | Y105: ='Objetivos e Metas (2)'!$AE$102*Z105 -> 0 | Z105: 0.2 | AA105: =IF(Y103=0,"",IF('Objetivos e Metas (2)'!AE103>'Objetivos e Metas (2)'!AE102,-COS(PI()*ABS('Objetivos e Metas (2)'!AE102/Y103)),-COS(PI()*ABS('Objetivos e Metas (2)'!AE103/Y103)))) | AB105: =IF(Y103=0,"",IF('Objetivos e Metas (2)'!AE103>='Objetivos e Metas (2)'!AE102,SIN(PI()*ABS('Objetivos e Metas (2)'!AE102/Y103)),SIN(PI()*ABS('Objetivos e Metas (2)'!AE103/Y103))))
U106: Ótimo | V106: =Y107 -> 0 | X106: Bom | Y106: ='Objetivos e Metas (2)'!$AE$102*Z106 -> 0 | Z106: 0.1
X107: Ótimo | Y107: ='Objetivos e Metas (2)'!$AE$102*Z107 -> 0 | Z107: 0.1
U110: INDICADOR 5.2
U111: Categoria | V111: Máximo | X111: Mostrador | Y111: Amplitude | AA111: Agulha | AD111: Meta: | AE111: =IF('Objetivos e Metas (2)'!C86="","",'Objetivos e Metas (2)'!C86) -> 5
U112: Ruim | V112: =Y113 -> 3 | Y112: =SUM(Y113:Y116) -> 5 | AA112: Base | AB112: Extremidade | AD112: Resultado: | AE112: =IF('Objetivos e Metas (2)'!C87="","",'Objetivos e Metas (2)'!C87) -> 2.5
U113: Regular | V113: =Y114 -> 1 | X113: Ruim | Y113: ='Objetivos e Metas (2)'!$AE$111*Z113 -> 3 | Z113: 0.6 | AA113: 0 | AB113: =IF('Objetivos e Metas (2)'!AE112>='Objetivos e Metas (2)'!AE111,0.03,0) -> 0
U114: Bom | V114: =Y115 -> 0.5 | X114: Regular | Y114: ='Objetivos e Metas (2)'!$AE$111*Z114 -> 1 | Z114: 0.2 | AA114: =IF(Y112=0,"",IF('Objetivos e Metas (2)'!AE112>'Objetivos e Metas (2)'!AE111,-COS(PI()*ABS('Objetivos e Metas (2)'!AE111/Y112)),-COS(PI()*ABS('Objetivos e Metas (2)'!AE112/Y112)))) -> -6.1257423e-17 | AB114: =IF(Y112=0,"",IF('Objetivos e Metas (2)'!AE112>='Objetivos e Metas (2)'!AE111,SIN(PI()*ABS('Objetivos e Metas (2)'!AE111/Y112)),SIN(PI()*ABS('Objetivos e Metas (2)'!AE112/Y112)))) -> 1
U115: Ótimo | V115: =Y116 -> 0.5 | X115: Bom | Y115: ='Objetivos e Metas (2)'!$AE$111*Z115 -> 0.5 | Z115: 0.1
X116: Ótimo | Y116: ='Objetivos e Metas (2)'!$AE$111*Z116 -> 0.5 | Z116: 0.1

Sheet Acompanhamento Semanal
B2: Acompanhamento dos Indicadores e Metas - Semanal
B4: Indicador 1
E14: Semana 1 | F14: Semana 2 | G14: Semana 3 | H14: Semana 4 | I14: Semana 5 | J14: Semana 6 | K14: Semana 7 | L14: Semana 8 | M14: Semana 9 | N14: Semana 10 | O14: Semana 11 | P14: Semana 12 | Q14: Semana 13 | R14: Semana 14 | S14: Semana 15 | T14: Semana 16 | U14: Semana 17 | V14: Semana 18 | W14: Semana 19 | X14: Semana 20 | Y14: Semana 21 | Z14: Semana 22 | AA14: Semana 23 | AB14: Semana 24 | AC14: Semana 25 | AD14: Semana 26 | AE14: Semana 27 | AF14: Semana 28 | AG14: Semana 29 | AH14: Semana 30 | AI14: Semana 31 | AJ14: Semana 32 | AK14: Semana 33 | AL14: Semana 34 | AM14: Semana 35 | AN14: Semana 36 | AO14: Semana 37 | AP14: Semana 38 | AQ14: Semana 39 | AR14: Semana 40 | AS14: Semana 41 | AT14: Semana 42 | AU14: Semana 43 | AV14: Semana 44 | AW14: Semana 45 | AX14: Semana 46 | AY14: Semana 47 | AZ14: Semana 48 | BA14: Semana 49 | BB14: Semana 50 | BC14: Semana 51 | BD14: Semana 52 | BE14: Semana 53
C15: Até agora | D15: Total | E15: 46027 | F15: =E15+7 -> 46034 | G15: =F15+7 -> 46041 | H15: =G15+7 -> 46048 | I15: =H15+7 -> 46055 | J15: =I15+7 -> 46062 | K15: =J15+7 -> 46069 | L15: =K15+7 -> 46076 | M15: =L15+7 -> 46083 | ... BE15: =BD15+7 -> 46391
B16: Meta | C16: =SUMIF(E15:BD15,"<"&TODAY(),E16:BD16) -> 0 | D16: =SUM(E16:BE16) -> 32500 | E16: =3000/5 -> 600 | F16: =3000/5 -> 600 | G16: =3000/5 -> 600 | H16: =3000/5 -> 600 | I16: 400 | J16: 1000 | K16: =3000/5 -> 600 | L16: =3000/5 -> 600 | M16: =3000/5 -> 600 | N16: =3000/5 -> 600 | O16: =3000/5 -> 600 | P16: =3000/5 -> 600 | Q16: =3000/5 -> 600 | R16: =3000/5 -> 600 | ... BB16: =3000/5 -> 600 | BC16: 500 | BD16: 1000 | BE16: 800
B17: Realizado | C17: =SUMIF(E15:BD15,"<"&TODAY(),E17:BD17) -> 0 | D17: =SUM(E17:BE17) -> 36500 | E17: 400 | F17: 600 | G17: 800 | H17: 100 | I17: 1000 | J17: 2000 | K17: 400 | L17: 600 | M17: 800 | N17: 100 | O17: 1000 | P17: 400 | Q17: 600 | R17: 800 | S17: 100 | T17: 1000 | U17: 2000 | V17: 400 | W17: 600 | X17: 800 | Y17: 100 | Z17: 1000 | AA17: 400 | AB17: 600 | AC17: 800 | AD17: 100 | AE17: 1000 | AF17: 2000 | AG17: 400 | AH17: 600 | AI17: 800 | AJ17: 100 | AK17: 1000 | AL17: 400 | AM17: 600 | AN17: 800 | AO17: 100 | AP17: 1000 | AQ17: 2000 | AR17: 400 | AS17: 600 | AT17: 800 | AU17: 100 | AV17: 1000 | AW17: 400 | AX17: 600 | AY17: 800 | AZ17: 100 | BA17: 1000 | BB17: 2000 | BC17: 400
B20: Indicador 2
E30: Semana 1 | F30: Semana 2 | G30: Semana 3 | H30: Semana 4 | I30: Semana 5 | J30: Semana 6 | K30: Semana 7 | L30: Semana 8 | M30: Semana 9 | N30: Semana 10 | O30: Semana 11 | P30: Semana 12 | Q30: Semana 13 | R30: Semana 14 | S30: Semana 15 | T30: Semana 16 | U30: Semana 17 | V30: Semana 18 | W30: Semana 19 | X30: Semana 20 | Y30: Semana 21 | Z30: Semana 22 | AA30: Semana 23 | AB30: Semana 24 | AC30: Semana 25 | AD30: Semana 26 | AE30: Semana 27 | AF30: Semana 28 | AG30: Semana 29 | AH30: Semana 30 | AI30: Semana 31 | AJ30: Semana 32 | AK30: Semana 33 | AL30: Semana 34 | AM30: Semana 35 | AN30: Semana 36 | AO30: Semana 37 | AP30: Semana 38 | AQ30: Semana 39 | AR30: Semana 40 | AS30: Semana 41 | AT30: Semana 42 | AU30: Semana 43 | AV30: Semana 44 | AW30: Semana 45 | AX30: Semana 46 | AY30: Semana 47 | AZ30: Semana 48 | BA30: Semana 49 | BB30: Semana 50 | BC30: Semana 51 | BD30: Semana 52 | BE30: Semana 53
C31: Até agora | D31: Total | E31: =E15 -> 46027 | F31: =E31+7 -> 46034 | G31: =F31+7 -> 46041 | H31: =G31+7 -> 46048 | I31: =H31+7 -> 46055 | J31: =I31+7 -> 46062 | K31: =J31+7 -> 46069 | L31: =K31+7 -> 46076 | M31: =L31+7 -> 46083 | ... BE31: =BD31+7 -> 46391
B32: Meta | C32: =SUMIF(E31:BD31,"<"&TODAY(),E32:BD32) -> 0 | D32: =SUM(E32:BE32) -> 0
B33: Realizado | C33: =SUMIF(E31:BD31,"<"&TODAY(),E33:BD33) -> 0 | D33: =SUM(E33:BE33) -> 0
B36: Indicador 3
E46: Semana 1 | F46: Semana 2 | G46: Semana 3 | H46: Semana 4 | I46: Semana 5 | J46: Semana 6 | K46: Semana 7 | L46: Semana 8 | M46: Semana 9 | N46: Semana 10 | O46: Semana 11 | P46: Semana 12 | Q46: Semana 13 | R46: Semana 14 | S46: Semana 15 | T46: Semana 16 | U46: Semana 17 | V46: Semana 18 | W46: Semana 19 | X46: Semana 20 | Y46: Semana 21 | Z46: Semana 22 | AA46: Semana 23 | AB46: Semana 24 | AC46: Semana 25 | AD46: Semana 26 | AE46: Semana 27 | AF46: Semana 28 | AG46: Semana 29 | AH46: Semana 30 | AI46: Semana 31 | AJ46: Semana 32 | AK46: Semana 33 | AL46: Semana 34 | AM46: Semana 35 | AN46: Semana 36 | AO46: Semana 37 | AP46: Semana 38 | AQ46: Semana 39 | AR46: Semana 40 | AS46: Semana 41 | AT46: Semana 42 | AU46: Semana 43 | AV46: Semana 44 | AW46: Semana 45 | AX46: Semana 46 | AY46: Semana 47 | AZ46: Semana 48 | BA46: Semana 49 | BB46: Semana 50 | BC46: Semana 51 | BD46: Semana 52 | BE46: Semana 53
C47: Até agora | D47: Total | E47: =E31 -> 46027 | F47: =E47+7 -> 46034 | G47: =F47+7 -> 46041 | H47: =G47+7 -> 46048 | I47: =H47+7 -> 46055 | J47: =I47+7 -> 46062 | K47: =J47+7 -> 46069 | L47: =K47+7 -> 46076 | M47: =L47+7 -> 46083 | ... BE47: =BD47+7 -> 46391
B48: Meta | C48: =SUMIF(E47:BD47,"<"&TODAY(),E48:BD48) -> 0 | D48: =SUM(E48:BE48) -> 0
B49: Realizado | C49: =SUMIF(E47:BD47,"<"&TODAY(),E49:BD49) -> 0 | D49: =SUM(E49:BE49) -> 0
B52: Indicador 4
E62: Semana 1 | F62: Semana 2 | G62: Semana 3 | H62: Semana 4 | I62: Semana 5 | J62: Semana 6 | K62: Semana 7 | L62: Semana 8 | M62: Semana 9 | N62: Semana 10 | O62: Semana 11 | P62: Semana 12 | Q62: Semana 13 | R62: Semana 14 | S62: Semana 15 | T62: Semana 16 | U62: Semana 17 | V62: Semana 18 | W62: Semana 19 | X62: Semana 20 | Y62: Semana 21 | Z62: Semana 22 | AA62: Semana 23 | AB62: Semana 24 | AC62: Semana 25 | AD62: Semana 26 | AE62: Semana 27 | AF62: Semana 28 | AG62: Semana 29 | AH62: Semana 30 | AI62: Semana 31 | AJ62: Semana 32 | AK62: Semana 33 | AL62: Semana 34 | AM62: Semana 35 | AN62: Semana 36 | AO62: Semana 37 | AP62: Semana 38 | AQ62: Semana 39 | AR62: Semana 40 | AS62: Semana 41 | AT62: Semana 42 | AU62: Semana 43 | AV62: Semana 44 | AW62: Semana 45 | AX62: Semana 46 | AY62: Semana 47 | AZ62: Semana 48 | BA62: Semana 49 | BB62: Semana 50 | BC62: Semana 51 | BD62: Semana 52 | BE62: Semana 53
C63: Até agora | D63: Total | E63: =E47 -> 46027 | F63: =E63+7 -> 46034 | G63: =F63+7 -> 46041 | H63: =G63+7 -> 46048 | I63: =H63+7 -> 46055 | J63: =I63+7 -> 46062 | K63: =J63+7 -> 46069 | L63: =K63+7 -> 46076 | M63: =L63+7 -> 46083 | ... BE63: =BD63+7 -> 46391
B64: Meta | C64: =SUMIF(E63:BD63,"<"&TODAY(),E64:BD64) -> 0 | D64: =SUM(E64:BE64) -> 0
B65: Realizado | C65: =SUMIF(E63:BD63,"<"&TODAY(),E65:BD65) -> 0 | D65: =SUM(E65:BE65) -> 0
B68: Indicador 5
E78: Semana 1 | F78: Semana 2 | G78: Semana 3 | H78: Semana 4 | I78: Semana 5 | J78: Semana 6 | K78: Semana 7 | L78: Semana 8 | M78: Semana 9 | N78: Semana 10 | O78: Semana 11 | P78: Semana 12 | Q78: Semana 13 | R78: Semana 14 | S78: Semana 15 | T78: Semana 16 | U78: Semana 17 | V78: Semana 18 | W78: Semana 19 | X78: Semana 20 | Y78: Semana 21 | Z78: Semana 22 | AA78: Semana 23 | AB78: Semana 24 | AC78: Semana 25 | AD78: Semana 26 | AE78: Semana 27 | AF78: Semana 28 | AG78: Semana 29 | AH78: Semana 30 | AI78: Semana 31 | AJ78: Semana 32 | AK78: Semana 33 | AL78: Semana 34 | AM78: Semana 35 | AN78: Semana 36 | AO78: Semana 37 | AP78: Semana 38 | AQ78: Semana 39 | AR78: Semana 40 | AS78: Semana 41 | AT78: Semana 42 | AU78: Semana 43 | AV78: Semana 44 | AW78: Semana 45 | AX78: Semana 46 | AY78: Semana 47 | AZ78: Semana 48 | BA78: Semana 49 | BB78: Semana 50 | BC78: Semana 51 | BD78: Semana 52 | BE78: Semana 53
C79: Até agora | D79: Total | E79: =E63 -> 46027 | F79: =E79+7 -> 46034 | G79: =F79+7 -> 46041 | H79: =G79+7 -> 46048 | I79: =H79+7 -> 46055 | J79: =I79+7 -> 46062 | K79: =J79+7 -> 46069 | L79: =K79+7 -> 46076 | M79: =L79+7 -> 46083 | ... BE79: =BD79+7 -> 46391
B80: Meta | C80: =SUMIF(E79:BD79,"<"&TODAY(),E80:BD80) -> 0 | D80: =SUM(E80:BE80) -> 32500 | E80: =3000/5 -> 600 | F80: =3000/5 -> 600 | G80: =3000/5 -> 600 | H80: =3000/5 -> 600 | I80: 400 | J80: 1000 | K80: =3000/5 -> 600 | L80: =3000/5 -> 600 | M80: =3000/5 -> 600 | N80: =3000/5 -> 600 | O80: =3000/5 -> 600 | P80: =3000/5 -> 600 | Q80: =3000/5 -> 600 | R80: =3000/5 -> 600 | ... BB80: =3000/5 -> 600 | BC80: 500 | BD80: 1000 | BE80: 800
B81: Realizado | C81: =SUMIF(E79:BD79,"<"&TODAY(),E81:BD81) -> 0 | D81: =SUM(E81:BE81) -> 36500 | E81: 400 | F81: 600 | G81: 800 | H81: 100 | I81: 1000 | J81: 2000 | K81: 400 | L81: 600 | M81: 800 | N81: 100 | O81: 1000 | P81: 400 | Q81: 600 | R81: 800 | S81: 100 | T81: 1000 | U81: 2000 | V81: 400 | W81: 600 | X81: 800 | Y81: 100 | Z81: 1000 | AA81: 400 | AB81: 600 | AC81: 800 | AD81: 100 | AE81: 1000 | AF81: 2000 | AG81: 400 | AH81: 600 | AI81: 800 | AJ81: 100 | AK81: 1000 | AL81: 400 | AM81: 600 | AN81: 800 | AO81: 100 | AP81: 1000 | AQ81: 2000 | AR81: 400 | AS81: 600 | AT81: 800 | AU81: 100 | AV81: 1000 | AW81: 400 | AX81: 600 | AY81: 800 | AZ81: 100 | BA81: 1000 | BB81: 2000 | BC81: 400
B84: Indicador 6
E94: Semana 1 | F94: Semana 2 | G94: Semana 3 | H94: Semana 4 | I94: Semana 5 | J94: Semana 6 | K94: Semana 7 | L94: Semana 8 | M94: Semana 9 | N94: Semana 10 | O94: Semana 11 | P94: Semana 12 | Q94: Semana 13 | R94: Semana 14 | S94: Semana 15 | T94: Semana 16 | U94: Semana 17 | V94: Semana 18 | W94: Semana 19 | X94: Semana 20 | Y94: Semana 21 | Z94: Semana 22 | AA94: Semana 23 | AB94: Semana 24 | AC94: Semana 25 | AD94: Semana 26 | AE94: Semana 27 | AF94: Semana 28 | AG94: Semana 29 | AH94: Semana 30 | AI94: Semana 31 | AJ94: Semana 32 | AK94: Semana 33 | AL94: Semana 34 | AM94: Semana 35 | AN94: Semana 36 | AO94: Semana 37 | AP94: Semana 38 | AQ94: Semana 39 | AR94: Semana 40 | AS94: Semana 41 | AT94: Semana 42 | AU94: Semana 43 | AV94: Semana 44 | AW94: Semana 45 | AX94: Semana 46 | AY94: Semana 47 | AZ94: Semana 48 | BA94: Semana 49 | BB94: Semana 50 | BC94: Semana 51 | BD94: Semana 52 | BE94: Semana 53
C95: Até agora | D95: Total | E95: =E79 -> 46027 | F95: =E95+7 -> 46034 | G95: =F95+7 -> 46041 | H95: =G95+7 -> 46048 | I95: =H95+7 -> 46055 | J95: =I95+7 -> 46062 | K95: =J95+7 -> 46069 | L95: =K95+7 -> 46076 | M95: =L95+7 -> 46083 | ... BE95: =BD95+7 -> 46391
B96: Meta | C96: =SUMIF(E95:BD95,"<"&TODAY(),E96:BD96) -> 0 | D96: =SUM(E96:BE96) -> 0
B97: Realizado | C97: =SUMIF(E95:BD95,"<"&TODAY(),E97:BD97) -> 0 | D97: =SUM(E97:BE97) -> 0
B100: Indicador 7
E110: Semana 1 | F110: Semana 2 | G110: Semana 3 | H110: Semana 4 | I110: Semana 5 | J110: Semana 6 | K110: Semana 7 | L110: Semana 8 | M110: Semana 9 | N110: Semana 10 | O110: Semana 11 | P110: Semana 12 | Q110: Semana 13 | R110: Semana 14 | S110: Semana 15 | T110: Semana 16 | U110: Semana 17 | V110: Semana 18 | W110: Semana 19 | X110: Semana 20 | Y110: Semana 21 | Z110: Semana 22 | AA110: Semana 23 | AB110: Semana 24 | AC110: Semana 25 | AD110: Semana 26 | AE110: Semana 27 | AF110: Semana 28 | AG110: Semana 29 | AH110: Semana 30 | AI110: Semana 31 | AJ110: Semana 32 | AK110: Semana 33 | AL110: Semana 34 | AM110: Semana 35 | AN110: Semana 36 | AO110: Semana 37 | AP110: Semana 38 | AQ110: Semana 39 | AR110: Semana 40 | AS110: Semana 41 | AT110: Semana 42 | AU110: Semana 43 | AV110: Semana 44 | AW110: Semana 45 | AX110: Semana 46 | AY110: Semana 47 | AZ110: Semana 48 | BA110: Semana 49 | BB110: Semana 50 | BC110: Semana 51 | BD110: Semana 52 | BE110: Semana 53
C111: Até agora | D111: Total | E111: =E95 -> 46027 | F111: =E111+7 -> 46034 | G111: =F111+7 -> 46041 | H111: =G111+7 -> 46048 | I111: =H111+7 -> 46055 | J111: =I111+7 -> 46062 | K111: =J111+7 -> 46069 | L111: =K111+7 -> 46076 | M111: =L111+7 -> 46083 | ... BE111: =BD111+7 -> 46391
B112: Meta | C112: =SUMIF(E111:BD111,"<"&TODAY(),E112:BD112) -> 0 | D112: =SUM(E112:BE112) -> 0
B113: Realizado | C113: =SUMIF(E111:BD111,"<"&TODAY(),E113:BD113) -> 0 | D113: =SUM(E113:BE113) -> 0
B116: Indicador 8
E126: Semana 1 | F126: Semana 2 | G126: Semana 3 | H126: Semana 4 | I126: Semana 5 | J126: Semana 6 | K126: Semana 7 | L126: Semana 8 | M126: Semana 9 | N126: Semana 10 | O126: Semana 11 | P126: Semana 12 | Q126: Semana 13 | R126: Semana 14 | S126: Semana 15 | T126: Semana 16 | U126: Semana 17 | V126: Semana 18 | W126: Semana 19 | X126: Semana 20 | Y126: Semana 21 | Z126: Semana 22 | AA126: Semana 23 | AB126: Semana 24 | AC126: Semana 25 | AD126: Semana 26 | AE126: Semana 27 | AF126: Semana 28 | AG126: Semana 29 | AH126: Semana 30 | AI126: Semana 31 | AJ126: Semana 32 | AK126: Semana 33 | AL126: Semana 34 | AM126: Semana 35 | AN126: Semana 36 | AO126: Semana 37 | AP126: Semana 38 | AQ126: Semana 39 | AR126: Semana 40 | AS126: Semana 41 | AT126: Semana 42 | AU126: Semana 43 | AV126: Semana 44 | AW126: Semana 45 | AX126: Semana 46 | AY126: Semana 47 | AZ126: Semana 48 | BA126: Semana 49 | BB126: Semana 50 | BC126: Semana 51 | BD126: Semana 52 | BE126: Semana 53
C127: Até agora | D127: Total | E127: =E111 -> 46027 | F127: =E127+7 -> 46034 | G127: =F127+7 -> 46041 | H127: =G127+7 -> 46048 | I127: =H127+7 -> 46055 | J127: =I127+7 -> 46062 | K127: =J127+7 -> 46069 | L127: =K127+7 -> 46076 | M127: =L127+7 -> 46083 | ... BE127: =BD127+7 -> 46391
B128: Meta | C128: =SUMIF(E127:BD127,"<"&TODAY(),E128:BD128) -> 0 | D128: =SUM(E128:BE128) -> 0
B129: Realizado | C129: =SUMIF(E127:BD127,"<"&TODAY(),E129:BD129) -> 0 | D129: =SUM(E129:BE129) -> 0
B133: Indicador 9
E143: Semana 1 | F143: Semana 2 | G143: Semana 3 | H143: Semana 4 | I143: Semana 5 | J143: Semana 6 | K143: Semana 7 | L143: Semana 8 | M143: Semana 9 | N143: Semana 10 | O143: Semana 11 | P143: Semana 12 | Q143: Semana 13 | R143: Semana 14 | S143: Semana 15 | T143: Semana 16 | U143: Semana 17 | V143: Semana 18 | W143: Semana 19 | X143: Semana 20 | Y143: Semana 21 | Z143: Semana 22 | AA143: Semana 23 | AB143: Semana 24 | AC143: Semana 25 | AD143: Semana 26 | AE143: Semana 27 | AF143: Semana 28 | AG143: Semana 29 | AH143: Semana 30 | AI143: Semana 31 | AJ143: Semana 32 | AK143: Semana 33 | AL143: Semana 34 | AM143: Semana 35 | AN143: Semana 36 | AO143: Semana 37 | AP143: Semana 38 | AQ143: Semana 39 | AR143: Semana 40 | AS143: Semana 41 | AT143: Semana 42 | AU143: Semana 43 | AV143: Semana 44 | AW143: Semana 45 | AX143: Semana 46 | AY143: Semana 47 | AZ143: Semana 48 | BA143: Semana 49 | BB143: Semana 50 | BC143: Semana 51 | BD143: Semana 52 | BE143: Semana 53
C144: Até agora | D144: Total | E144: =E127 -> 46027 | F144: =E144+7 -> 46034 | G144: =F144+7 -> 46041 | H144: =G144+7 -> 46048 | I144: =H144+7 -> 46055 | J144: =I144+7 -> 46062 | K144: =J144+7 -> 46069 | L144: =K144+7 -> 46076 | M144: =L144+7 -> 46083 | ... BE144: =BD144+7 -> 46391
B145: Meta | C145: =SUMIF(E144:BD144,"<"&TODAY(),E145:BD145) -> 0 | D145: =SUM(E145:BE145) -> 0
B146: Realizado | C146: =SUMIF(E144:BD144,"<"&TODAY(),E146:BD146) -> 0 | D146: =SUM(E146:BE146) -> 0
B150: Indicador 10
E160: Semana 1 | F160: Semana 2 | G160: Semana 3 | H160: Semana 4 | I160: Semana 5 | J160: Semana 6 | K160: Semana 7 | L160: Semana 8 | M160: Semana 9 | N160: Semana 10 | O160: Semana 11 | P160: Semana 12 | Q160: Semana 13 | R160: Semana 14 | S160: Semana 15 | T160: Semana 16 | U160: Semana 17 | V160: Semana 18 | W160: Semana 19 | X160: Semana 20 | Y160: Semana 21 | Z160: Semana 22 | AA160: Semana 23 | AB160: Semana 24 | AC160: Semana 25 | AD160: Semana 26 | AE160: Semana 27 | AF160: Semana 28 | AG160: Semana 29 | AH160: Semana 30 | AI160: Semana 31 | AJ160: Semana 32 | AK160: Semana 33 | AL160: Semana 34 | AM160: Semana 35 | AN160: Semana 36 | AO160: Semana 37 | AP160: Semana 38 | AQ160: Semana 39 | AR160: Semana 40 | AS160: Semana 41 | AT160: Semana 42 | AU160: Semana 43 | AV160: Semana 44 | AW160: Semana 45 | AX160: Semana 46 | AY160: Semana 47 | AZ160: Semana 48 | BA160: Semana 49 | BB160: Semana 50 | BC160: Semana 51 | BD160: Semana 52 | BE160: Semana 53
C161: Até agora | D161: Total | E161: =E144 -> 46027 | F161: =E161+7 -> 46034 | G161: =F161+7 -> 46041 | H161: =G161+7 -> 46048 | I161: =H161+7 -> 46055 | J161: =I161+7 -> 46062 | K161: =J161+7 -> 46069 | L161: =K161+7 -> 46076 | M161: =L161+7 -> 46083 | ... BE161: =BD161+7 -> 46391
B162: Meta | C162: =SUMIF(E161:BD161,"<"&TODAY(),E162:BD162) -> 0 | D162: =SUM(E162:BE162) -> 0
B163: Realizado | C163: =SUMIF(E161:BD161,"<"&TODAY(),E163:BD163) -> 0 | D163: =SUM(E163:BE163) -> 0

Sheet Ação
A7: ='Objetivos e Metas'!A7 -> Objetivo 1: Aumentar as Vendas | B7: ='Objetivos e Metas'!B7:O7 -> Aumentar faturamento da empresa em XYZ%
A9: ='Objetivos e Metas'!A10 -> Indicador 1.1: Faturamento Total
A11: Estratégia Geral de Ação:
A12: Descrever a estratégia geral de ação para alcançar este indicador...
A19: ='Objetivos e Metas'!A14 -> Indicador 1.2: Lucro Total
A21: Estratégia Geral de Ação:
A22: Políticas de redução de custos e acompanhamento próximo das finanças para garantir que o lucro seja atingido.
A31: ='Objetivos e Metas'!A25 -> Objetivo 2: Escrever objetivo 2 | B31: ='Objetivos e Metas'!B25:O25 -> Breve descrição do objetivo 2
A33: ='Objetivos e Metas'!A28 -> Indicador 2.1: Escrever indicador 2.1
A35: Estratégia Geral de Ação:
A36: Investir num plano de marketing e numa empresa de consultoria
A43: ='Objetivos e Metas'!A32 -> Indicador 2.2: Escrever indicador 2.2
A45: Estratégia Geral de Ação:
A55: ='Objetivos e Metas'!A43 -> Objetivo 3: Aumentar alguma coisa | B55: ='Objetivos e Metas'!B43:O43 -> Blablablabla
A57: ='Objetivos e Metas'!A46 -> Indicador 3.1: 123
A59: Estratégia Geral de Ação:
A67: ='Objetivos e Metas'!A50 -> Indicador 3.2: 456
A69: Estratégia Geral de Ação:
A79: ='Objetivos e Metas'!A61 -> Objetivo 4: Diminuir outra coisa | B79: ='Objetivos e Metas'!B61:O61 -> blebleble
A81: ='Objetivos e Metas'!A64 -> Indicador 4.1: AAA
A83: Estratégia Geral de Ação:
A91: ='Objetivos e Metas'!A68 -> Indicador 4.2: BBB
A93: Estratégia Geral de Ação:
A103: ='Objetivos e Metas'!A79 -> Objetivo 5: Criar XYZABC | B103: ='Objetivos e Metas'!B79:O79 -> lalala
A105: ='Objetivos e Metas'!A82 -> Indicador 5.1: XYZ
A107: Estratégia Geral de Ação:
A115: ='Objetivos e Metas'!A86 -> Indicador 5.2: ABC
A117: Estratégia Geral de Ação:
A128: ='Objetivos e Metas (2)'!A7 -> Objetivo 6: Escrever objetivo 6 | B128: ='Objetivos e Metas (2)'!B7 -> Aumentar faturamento da empresa e, consequentemente, o lucro dela e o pró-labore do sócios. | C128: ='Objetivos e Metas (2)'!C7 -> 0 | D128: ='Objetivos e Metas (2)'!D7 -> 0 | E128: ='Objetivos e Metas (2)'!E7 -> 0 | F128: ='Objetivos e Metas (2)'!F7 -> 0 | G128: ='Objetivos e Metas (2)'!G7 -> 0
A130: ='Objetivos e Metas'!A131 -> 0
A132: Estratégia Geral de Ação:
A133: Descrever a estratégia geral de ação para alcançar este indicador...
A140: ='Objetivos e Metas'!A135 -> 0
A142: Estratégia Geral de Ação:
A143: Políticas de redução de custos e acompanhamento próximo das finanças para garantir que o lucro seja atingido.
A152: ='Objetivos e Metas (2)'!A25 -> Objetivo 7: Escrever objetivo 7 | B152: ='Objetivos e Metas (2)'!B25 -> Breve descrição do objetivo 2 | C152: ='Objetivos e Metas (2)'!C25 -> 0 | D152: ='Objetivos e Metas (2)'!D25 -> 0 | E152: ='Objetivos e Metas (2)'!E25 -> 0 | F152: ='Objetivos e Metas (2)'!F25 -> 0 | G152: ='Objetivos e Metas (2)'!G25 -> 0
A154: ='Objetivos e Metas'!A149 -> 0
A156: Estratégia Geral de Ação:
A157: Investir num plano de marketing e numa empresa de consultoria
A164: ='Objetivos e Metas'!A153 -> 0
A166: Estratégia Geral de Ação:
A176: ='Objetivos e Metas (2)'!A43 -> Objetivo 8: Aumentar alguma coisa | B176: ='Objetivos e Metas (2)'!B43 -> Blablablabla | C176: ='Objetivos e Metas (2)'!C43 -> 0 | D176: ='Objetivos e Metas (2)'!D43 -> 0 | E176: ='Objetivos e Metas (2)'!E43 -> 0 | F176: ='Objetivos e Metas (2)'!F43 -> 0 | G176: ='Objetivos e Metas (2)'!G43 -> 0
A178: ='Objetivos e Metas'!A167 -> 0
A180: Estratégia Geral de Ação:
A188: ='Objetivos e Metas'!A171 -> 0
A190: Estratégia Geral de Ação:
A200: ='Objetivos e Metas (2)'!A61 -> Objetivo 9: Diminuir outra coisa | B200: ='Objetivos e Metas (2)'!B61 -> blebleble | C200: ='Objetivos e Metas (2)'!C61 -> 0 | D200: ='Objetivos e Metas (2)'!D61 -> 0 | E200: ='Objetivos e Metas (2)'!E61 -> 0 | F200: ='Objetivos e Metas (2)'!F61 -> 0 | G200: ='Objetivos e Metas (2)'!G61 -> 0
A202: ='Objetivos e Metas'!A185 -> 0
A204: Estratégia Geral de Ação:
A212: ='Objetivos e Metas'!A189 -> 0
A214: Estratégia Geral de Ação:
A224: ='Objetivos e Metas (2)'!A79 -> Objetivo 10: Criar XYZABC | B224: ='Objetivos e Metas (2)'!B79 -> lalala | C224: ='Objetivos e Metas (2)'!C79 -> 0 | D224: ='Objetivos e Metas (2)'!D79 -> 0 | E224: ='Objetivos e Metas (2)'!E79 -> 0 | F224: ='Objetivos e Metas (2)'!F79 -> 0 | G224: ='Objetivos e Metas (2)'!G79 -> 0
A226: ='Objetivos e Metas'!A203 -> 0
A228: Estratégia Geral de Ação:
A236: ='Objetivos e Metas'!A207 -> 0
A238: Estratégia Geral de Ação:

Sheet Gráficos
A8: ='Objetivos e Metas'!$A$7 -> Objetivo 1: Aumentar as Vendas | B8: ='Objetivos e Metas'!$B$7:$O$7 -> Aumentar faturamento da empresa em XYZ%
A10: ='Objetivos e Metas'!$A$10 -> Indicador 1.1: Faturamento Total | G10: ='Objetivos e Metas'!$A$14 -> Indicador 1.2: Lucro Total
A28: ='Objetivos e Metas'!$A$25 -> Objetivo 2: Escrever objetivo 2 | B28: ='Objetivos e Metas'!$B$25:$O$25 -> Breve descrição do objetivo 2
A30: ='Objetivos e Metas'!$A$28 -> Indicador 2.1: Escrever indicador 2.1 | G30: ='Objetivos e Metas'!$A$32 -> Indicador 2.2: Escrever indicador 2.2
A49: ='Objetivos e Metas'!$A$43 -> Objetivo 3: Aumentar alguma coisa | B49: ='Objetivos e Metas'!$B$43:$O$43 -> Blablablabla
A51: ='Objetivos e Metas'!$A$46 -> Indicador 3.1: 123 | G51: ='Objetivos e Metas'!$A$50 -> Indicador 3.2: 456
A70: ='Objetivos e Metas'!$A$61 -> Objetivo 4: Diminuir outra coisa | B70: ='Objetivos e Metas'!$B$61:$O$61 -> blebleble
A72: ='Objetivos e Metas'!$A$64 -> Indicador 4.1: AAA | G72: ='Objetivos e Metas'!$A$68 -> Indicador 4.2: BBB
A92: ='Objetivos e Metas'!$A$79 -> Objetivo 5: Criar XYZABC | B92: ='Objetivos e Metas'!$B$79:$O$79 -> lalala
A94: ='Objetivos e Metas'!$A$82 -> Indicador 5.1: XYZ | G94: ='Objetivos e Metas'!$A$86 -> Indicador 5.2: ABC
A112: ='Objetivos e Metas (2)'!$A$7 -> Objetivo 6: Escrever objetivo 6 | B112: ='Objetivos e Metas (2)'!$B$7:$O$7 -> Aumentar faturamento da empresa e, consequentemente, o lucro dela e o pró-labore do sócios.
A114: ='Objetivos e Metas (2)'!$A$10 -> Indicador 1.1: Faturamento Total | G114: ='Objetivos e Metas (2)'!$A$14 -> Indicador 1.2: Lucro Total
A132: ='Objetivos e Metas (2)'!$A$25 -> Objetivo 7: Escrever objetivo 7 | B132: ='Objetivos e Metas (2)'!$B$25:$O$25 -> Breve descrição do objetivo 2
A134: ='Objetivos e Metas (2)'!$A$28 -> Indicador 2.1: Escrever indicador 2.1 | G134: ='Objetivos e Metas (2)'!$A$32 -> Indicador 2.2: Escrever indicador 2.2
A153: ='Objetivos e Metas (2)'!$A$43 -> Objetivo 8: Aumentar alguma coisa | B153: ='Objetivos e Metas (2)'!$B$43:$O$43 -> Blablablabla
A155: ='Objetivos e Metas (2)'!$A$46 -> Indicador 3.1: 123 | G155: ='Objetivos e Metas (2)'!$A$50 -> Indicador 3.2: 456
A174: ='Objetivos e Metas (2)'!$A$61 -> Objetivo 9: Diminuir outra coisa | B174: ='Objetivos e Metas (2)'!$B$61:$O$61 -> blebleble
A176: ='Objetivos e Metas (2)'!$A$64 -> Indicador 4.1: AAA | G176: ='Objetivos e Metas (2)'!$A$68 -> Indicador 4.2: BBB
A196: ='Objetivos e Metas (2)'!$A$79 -> Objetivo 10: Criar XYZABC | B196: ='Objetivos e Metas (2)'!$B$79:$O$79 -> lalala
A198: ='Objetivos e Metas (2)'!$A$82 -> Indicador 5.1: XYZ | G198: ='Objetivos e Metas (2)'!$A$86 -> Indicador 5.2: ABC

Sheet Seu próximo nível aqui! 
D1: Transforme sua empresa em uma MÁQUINA DE LUCROS e multiplique seu salário!

Sheet Rascunho
